AoeStats
← El Tlacuache

Arabia

510240025Analyzed
1v1 RM · 4d ago on Sep 30, 2026· 31m 57s· 2 players
Game mode
Random Map
Map size
Tiny (2 player)
Population
200
Speed
Normal
Resources
Standard
Victory
Conquest
Starting age
Dark Age
Ending age
Imperial Age
RankedLock teamsTeams togetherTeam positionsShared explorationLock speedFull tech treeHidden civsTurbo modeCheats
Victory
Defeat
🇨🇦 Mongols · Canada
1610
+14
🇲🇽 Khmer · Mexico
1564
-14
El Tlacuache
4:05 Loom
11:22 Feudal Age
18:15 Castle Age
22:07 Town Watch
26:23 Wheelbarrow
25:43 Double-Bit Axe
TheSam
6:24 Loom
9:19 Feudal Age
10:21 Horse Collar
20:58 Castle Age
19:44 Bloodlines
20:05 Scale Barding Armor
20:50 Forging
20:42 Gold Mining
22:04 Chain Barding Armor
24:56 Husbandry
29:09 Wheelbarrow
28:49 Town Watch
29:13 Double-Bit Axe
Connection lost

Rejoining the realm…

Still unreachable

The connection could not be restored.

Session expired

The server has moved on; the page needs a fresh start.